 Dungeon Crawl Stone Soup version 0.28-a0-390-gb254ac4902 (webtiles) character file.

Game seed: 996898818355331938

16 Goblin1989 the Chopper (level 2, 0/24 HPs)
             Began as a Demonspawn Cinder Acolyte on Sept 3, 2021.
             Was a High Priest of Ignis.
             Slain by a goblin (2 damage)
             ... on level 2 of the Dungeon.
             The game lasted 00:00:55 (878 turns).

Goblin1989 the Chopper (Demonspawn Cinder Acolyte)   Turns: 878, Time: 00:00:56

Health: 0/24       AC:  2    Str: 14    XL:     2   Next: 41%
Magic:  3/3        EV: 11    Int: 15    God:    Ignis [*****.]
Gold:   43         SH:  0    Dex:  8    Spells: 3/3 levels left

rFire   + . .      SeeInvis .   a - -1 hand axe (flame)
rCold   . . .      Faith    .   (no shield)
rNeg    . . .      Spirit   .   b - +0 robe
rPois   .          Reflect  .   (no helmet)
rElec   .          Harm     .   (no cloak)
rCorr   .          Rampage  .   (no gloves)
Will    .....                   (no boots)
Stlth   +.........              (no amulet)
HPRegen 0.08/turn               (no ring)
MPRegen 0.08/turn               (no ring)

@: no status effects
A: demonic guardian 1
a: Renounce Religion, Sea of Fire, Foxfire Swarm, Rising Flame


You were on level 2 of the Dungeon.
You worshipped Ignis.
Ignis was extremely pleased with you.
You visited 1 branch of the dungeon, and saw 2 of its levels.

You collected 43 gold pieces.

Inventory:

Hand Weapons
 a - a -1 hand axe of flaming (weapon)
Armour
 b - a +0 robe (worn)
 c - a +0 pair of boots
 e - a +2 hat
Scrolls
 d - 2 scrolls of identify {unknown}
 h - a scroll of blinking {unknown}
Potions
 f - a potion of attraction {unknown}
 g - a potion of flight {unknown}


   Skills:
 - Level 3.0 Fighting
 + Level 3.5 Axes
 - Level 1.0 Spellcasting
 - Level 2.6 Fire Magic


You had 3 spell levels left.
You didn't know any spells.
Your spell library contained the following spells:

 Spells                   Type           Power      Damage    Failure   Level
 Scorch                   Fire           16%        2d5       12%         2
 Corona                   Hex            0%         N/A       24%         1
 Blink                    Tloc           N/A        N/A       36%         2
 Ensorcelled Hibernation  Hex/Ice        0%         N/A       36%         2
 Lesser Beckoning         Tloc           0%         N/A       58%         3
 Tukima's Dance           Hex            0%         N/A       58%         3
 Manifold Assault         Tloc           0%         N/A       100%        5


Dungeon Overview and Level Annotations

Branches:
Dungeon (2/15)

Altars:


Innate Abilities, Weirdness & Mutations

A weak demonic guardian rushes to your aid.


Message History

No target in view!
No target in view!
No target in view!
No target in view!
HP restored.
A bat comes into view.
Health restored: 24 A bat is nearby!
A bat is nearby!
A bat is nearby!
A bat comes into view.
The bat hits you but does no damage. The bat hits you.
The bat hits you but does no damage.
You take 1 damage, and have 23/24 hp.
You hit the bat but do no damage. The bat closely misses you. x2
A quokka comes into view.
The bat closely misses you. The bat barely misses you. The bat misses you.
You hit the bat. You burn the bat.
The bat is severely wounded.
The bat barely misses you. x2; The bat closely misses you.
The bat hits you but does no damage.
You hit the bat but do no damage.
The bat is severely wounded.
You miss the bat. The bat barely misses you. The bat closely misses you.
You closely miss the bat.
The bat is severely wounded.
You hit the bat. You burn the bat.
You kill the bat!
The bat barely misses you. The quokka bites you.
You take 2 damage, and have 21/24 hp.
You hit the bat. You burn the bat.
You kill the bat!
You barely miss the quokka. The quokka barely misses you.
You barely miss the quokka. The quokka barely misses you.
You miss the quokka. The quokka misses you. The quokka closely misses you.
You hit the quokka. You burn the quokka.
The quokka is almost dead.
The quokka bites you.
You take 1 damage, and have 20/24 hp.
You hit the quokka. You burn the quokka.
You kill the quokka!
No target in view!
No target in view!
No target in view!
No target in view!
No target in view!
No target in view!
No target in view!
No target in view!
No target in view!
No target in view!
No target in view!
No target in view!
A hobgoblin comes into view.
A hobgoblin is nearby!
A hobgoblin is nearby!
A hobgoblin is nearby!
The hobgoblin shouts!
You hear a shout!
You hear a bark!
The hobgoblin closely misses you.
You hit the hobgoblin but do no damage. The hobgoblin hits you.
You take 5 damage, and have 15/24 hp.
MASSIVE DAMAGE!!
You closely miss the hobgoblin.
A goblin comes into view. It is wielding a +0 dagger.
The hobgoblin hits you.
The goblin shouts!
You take 4 damage, and have 11/24 hp.
You are too injured to fight recklessly!
You are too injured to fight recklessly!
You are too injured to fight recklessly!
You are too injured to fight recklessly!
You are too injured to fight recklessly!
You are too injured to fight recklessly!
You are too injured to fight recklessly!
You are too injured to fight recklessly!
You are too injured to fight recklessly!
You are too injured to fight recklessly!
You are too injured to fight recklessly!
You are too injured to fight recklessly!
You are too injured to fight recklessly!
You are too injured to fight recklessly!
There are monsters nearby!
You barely miss the goblin. You barely miss the hobgoblin.
You hear a bark!
The hobgoblin misses you. The goblin hits you with a +0 dagger.
* * * LOW HITPOINT WARNING * * *
You take 2 damage, and have 9/24 hp.
You barely miss the goblin. You closely miss the hobgoblin.
The hobgoblin closely misses you.
A jackal comes into view.
The goblin hits you with a +0 dagger.
* * * LOW HITPOINT WARNING * * *
You take 2 damage, and have 7/24 hp.
You barely miss the goblin. You barely miss the hobgoblin.
The hobgoblin misses you. The goblin barely misses you.
You closely miss the goblin. You barely miss the hobgoblin.
A bat comes into view.
The hobgoblin hits you.
* * * LOW HITPOINT WARNING * * *
A demonic guardian appears!
The goblin hits you with a +0 dagger.
You die...

█..██.█ █.....>..
██..██.█ ████.███████
███......█ █.......██
.█.<....█████.█████..█
........█.....█ ██.█
██......█.█████ █.█
█.█......█ ████.█
█........████████†...█
..█...█.██....hg@g█..█
█ ███.█.██b██.5████.██
█.... █. ..█ ███.█ █
█..█ █.█ .█.█ █.█
███.█ █..


You could see a jackal (ally target), a hobgoblin, a goblin, a bat and a
friendly white imp (summoned).

Vanquished Creatures
  A dart slug (D:1)
  3 endoplasms
  A hobgoblin (D:2)
  A quokka (D:2)
  2 ball pythons (D:1)
  3 bats
  A rat (D:1)
12 creatures vanquished.

Vanquished Creatures (collateral kills)
  An endoplasm (D:1)
1 creature vanquished.

Grand Total: 13 creatures vanquished

Notes
Turn   | Place    | Note
-------+----------+-------------------------------------------
     0 | D:1      | Goblin1989 the Demonspawn Cinder Acolyte began the quest
                  | for the Orb.
     0 | D:1      | Reached XP level 1. HP: 18/18 MP: 2/2
   529 | D:1      | Gained mutation: A weak demonic guardian rushes to your
                  | aid. [demonic ancestry]
   529 | D:1      | Reached XP level 2. HP: 24/24 MP: 3/3
   878 | D:2      | Slain by a goblin

Illustrated notes

Levels and vault maps discovered:
D:1:      lightli_arrival_noodles, layout_basic
D:2:      layout_rooms, serial_shops, shop, minmay_octomino_j4, uniq_terence

Skill      XL: |  1 |
---------------+----+-----
Axes           | 3 |  3.5
Fighting       | |  3.0
Spellcasting   | |  1.0
Fire Magic     | |  2.6

Action                   || total
-------------------------++-------
Melee: Hand axe          ||    33
Armor: Robe              ||     4
Dodge: Dodged            ||    29

Table legend: (Time is in decaauts)
 A = Elapsed time spent in this place.
 B = Non-inter-level travel time spent in this place.
 C = Inter-level travel time spent in this place.
 D = Time resting spent in this place.
 E = Time spent auto-exploring this place.
 F = Levels seen in this place.
 G = Mean time per level.
                   A        B        C        D        E       F      G
               +--------+--------+--------+--------+--------+-----+--------+
         Total |    882 |    845 |     37 |      0 |    742 |   2 |  441.0 |
       Dungeon |    882 |    845 |     37 |      0 |    742 |   2 |  441.0 |
               +--------+--------+--------+--------+--------+-----+--------+

Top non-repeatable levels by time:
     D:1: 781 daAuts
     D:2: 101 daAuts
